Map: Dusk Towers

Players

AkutanZero

  • Race: Terran Terran
  • League: Silver
  • Spawn Location: 7:00

Fropez - Winner!

  • Race: Protoss Protoss
  • League: Silver
  • Spawn Location: 1:00

VOD

Have the link to the VOD?

Description

Time

  • Played on: May 17, 2016, 3:06 p.m.
  • Length: 19:10
Show
View Real Time Build Order
Export as new Build Order

AkutanZero Terran 

Build Orders:  

Get SALT Encoding   

  12  0:01  SCV  
  13  0:34  SCV  
  14  0:44  Command Center  
  14  0:52  SCV  
  15  1:08  Supply Depot  
  15  1:36  Command Center  
  15  1:47  Barracks  
  15  1:56  Supply Depot  
  14  2:38  Marine  
  15  2:47  Bunker  
  15  2:56  Marine  
  16  3:08  SCV  
  17  3:14  Marine  
  18  3:20  SCV  
  19  3:32  Marine, SCV, Bunker  
  21  3:36  Refinery  
  21  3:37  Refinery  
  21  3:40  SCV  
  22  3:44  SCV  
  23  3:49  Marine  
  23  3:52  SCV  
  25  3:56  SCV  
  26  4:07  Marine  
  26  4:08  SCV  
  28  4:20  SCV, Orbital Command  
  29  4:24  SCV  
  29  4:25  Marine  
  31  4:32  SCV  
  31  4:36  SCV  
  33  4:43  Marine  
  33  4:45  SCV  
  35  4:48  SCV  
  35  4:51  Refinery  
  36  4:56  Refinery  
  36  4:57  SCV  
  37  5:01  Marine, SCV  
  37  5:05  Engineering Bay  
  39  5:09  SCV x2  
  39  5:10  Factory  
  39  5:13  SCV  
  42  5:21  SCV x2  
  43  5:25  SCV  
  45  5:33  SCV x2  
  47  5:37  SCV  
  47  5:39  Missile Turret  
  48  5:45  SCV, Missile Turret  
  48  5:46  SCV  
  48  5:48  Missile Turret  
  48  5:49  SCV  
  51  5:52  Missile Turret  
  51  5:53  Missile Turret  
  51  5:57  SCV  
  51  5:58  SCV, Missile Turret  
  51  5:59  Factory Tech Lab  
  51  6:01  SCV  
  54  6:06  Missile Turret  
  54  6:08  Missile Turret  
  54  6:09  SCV  
  55  6:13  SCV  
  55  6:15  Missile Turret  
  54  6:20  Missile Turret  
  54  6:21  SCV  
  54  6:22  Missile Turret  
  51  6:25  SCV  
  50  6:37  SCV  
  50  6:38  SCV  
  52  6:46  Siege Tank  
  55  6:49  Barracks Tech Lab  
  55  6:50  SCV  
  56  7:00  Missile Turret  
  56  7:06  SCV, Missile Turret  
  57  7:10  Orbital Command  
  57  7:12  Orbital Command  
  57  7:18  Siege Tank, Missile Turret  
  60  7:27  Missile Turret  
  60  7:29  Missile Turret  
  60  7:31  Missile Turret  
  60  7:33  Refinery  
  60  7:36  Refinery  
  60  7:45  Stimpack  
  60  7:49  SCV  
  61  8:14  Command Center  
  61  8:20  Factory  
  61  8:31  Command Center  
  61  8:33  Command Center  
  61  8:36  Missile Turret  
  61  8:38  Missile Turret  
  61  8:39  Missile Turret  
  61  8:56  Starport x2  
  61  8:59  Starport  
  61  9:05  Factory Reactor  
  61  9:12  SCV  
  57  9:24  SCV  
  53  9:36  SCV  
  51  9:45  Missile Turret  
  51  9:46  Planetary Fortress, Combat Shields, Missile Turret x2  
  51  9:47  Planetary Fortress, Missile Turret x2  
  51  9:48  SCV  
  51  9:50  Missile Turret  
  52  9:55  Widow Mine x2  
  56  10:10  Missile Turret  
  56  10:14  Missile Turret x2  
  56  10:16  Starport Reactor x3, Missile Turret  
  56  10:17  Infernal Pre-Igniter  
  56  10:23  Widow Mine  
  56  10:24  Widow Mine  
  60  10:30  Factory  
  60  10:32  Supply Depot  
  60  10:33  Factory  
  60  10:34  Supply Depot, Factory  
  60  10:35  Supply Depot  
  60  10:52  Widow Mine x2  
  60  10:56  Supply Depot  
  64  10:58  Missile Turret  
  64  11:02  Missile Turret  
  64  11:03  Missile Turret  
  64  11:05  Concussive Shells  
  64  11:20  Widow Mine  
  64  11:21  Widow Mine  
  60  11:35  Factory Reactor x3  
  49  11:42  Viking x4  
  49  11:43  Viking x2  
  31  13:18  Orbital Command  
  31  13:26  Widow Mine  
  30  13:31  Widow Mine x2  
  18  15:37  Marine  
Show
View Real Time Build Order
Export as new Build Order

Fropez Protoss - Winner!

Build Orders: Nexus First 

Get SALT Encoding   

  12  0:01  Probe (Chrono Boost)  
  13  0:19  Pylon  
  13  0:49  Nexus  
  13  1:05  Gateway  
  13  1:17  Probe (Chrono Boost)  
  14  1:30  Assimilator  
  14  1:34  Probe (Chrono Boost)  
  14  1:35  Assimilator  
  15  1:53  Cybernetics Core  
  15  1:57  Probe (Chrono Boost)  
  16  2:07  Probe x2 (Chrono Boost)  
  17  2:17  Probe (Chrono Boost)  
  18  2:26  Probe (Chrono Boost)  
  19  2:31  Mothership Core (Chrono Boost)  
  22  2:37  Probe  
  22  2:40  Warp Gate (Chrono Boost)  
  22  2:49  Probe  
  22  2:50  Gateway  
  23  2:52  Adept  
  23  2:54  Probe  
  26  3:02  Probe  
  27  3:08  Pylon, Probe  
  28  3:16  Probe  
  29  3:20  Adept  
  29  3:21  Probe  
  32  3:28  Probe  
  32  3:32  Probe  
  34  3:39  Adept  
  36  3:47  Adept  
  38  3:58  Probe  
  38  3:59  Probe  
  40  4:10  Adept  
  42  4:20  Assimilator  
  42  4:24  Assimilator  
  42  4:27  Probe x2  
  42  4:29  Stargate  
  44  4:37  Probe  
  44  4:40  Probe  
  44  4:42  Pylon  
  46  4:48  Twilight Council  
  46  4:58  Probe  
  47  5:08  Probe  
  47  5:13  Probe  
  48  5:17  Pylon  
  48  5:20  Oracle (Chrono Boost)  
  52  5:25  Probe x2  
  54  5:29  Blink (Chrono Boost)  
  54  5:38  Pylon  
  54  5:40  Pylon  
  54  5:50  Stalker x2  
  54  5:52  Pylon  
  54  5:56  Pylon  
  58  6:00  Pylon  
  58  6:05  Gateway  
  58  6:08  Gateway  
  58  6:09  Pylon, Oracle  
  61  6:21  Pylon  
  61  6:40  Probe  
  61  6:41  Probe  
  60  7:08  Void Ray (Chrono Boost)  
  64  7:21  Probe, Stargate  
  64  7:22  Probe  
  66  7:23  Stargate  
  66  7:25  Stargate  
  66  7:28  Pylon  
  66  7:29  Cybernetics Core  
  66  7:30  Pylon  
  66  7:31  Probe  
  66  7:34  Probe  
  68  7:42  Probe  
  69  7:46  Probe  
  69  7:47  Void Ray (Chrono Boost)  
  74  7:55  Protoss Air Weapons Level 1 (Chrono Boost)  
  74  7:58  Probe  
  74  8:00  Probe  
  76  8:07  Void Ray  
  76  8:09  Void Ray  
  76  8:10  Void Ray  
  88  8:23  Protoss Air Armor Level 1 (Chrono Boost)  
  88  8:35  Void Ray  
  88  8:38  Probe x2  
  88  8:41  Nexus  
  94  8:45  Assimilator  
  94  8:50  Void Ray, Assimilator  
  94  8:51  Pylon, Void Ray  
  94  8:52  Void Ray  
  94  8:53  Pylon  
  106  8:55  Pylon  
  106  9:28  Void Ray  
  106  9:34  Void Ray  
  114  10:09  Fleet Beacon  
  114  10:10  Pylon  
  114  10:13  Pylon  
  106  11:41  Protoss Air Weapons Level 2 (Chrono Boost), Protoss Air Armor Level 2 (Chrono Boost)  
  118  11:49  Tempest x3  
  118  11:50  Tempest  
  114  12:32  Tempest x3  
  110  13:29  Tempest x3  
  110  13:30  Nexus, Tempest  
  110  13:32  Assimilator  
  110  13:33  Robotics Facility  
  126  13:36  Forge, Assimilator  
  125  13:43  Nexus  
  125  13:45  Assimilator  
  125  13:49  Assimilator  
  113  14:34  Observer  
  113  14:35  Protoss Shields Level 1 (Chrono Boost)  
  113  14:38  Tempest x3  
  122  14:39  Tempest  
  130  15:03  Pylon  
  130  15:05  Pylon, Probe  
  130  15:06  Probe  
  126  15:07  Probe x2  
  126  15:16  Probe x2  
  126  15:19  Probe x2  
  130  15:24  Zealot x2  
  130  15:25  Zealot x2  
  130  15:26  Probe  
  130  15:27  Probe  
  138  15:31  Probe x2  
  139  15:37  Probe x2  
  141  15:43  Probe  
  141  15:44  Probe  
  141  15:48  Probe x2  
  145  15:55  Probe  
  137  16:42  Observer  
  138  16:48  Tempest  
  138  16:49  Tempest x2  
  138  16:51  Oracle  
  153  16:59  Photon Cannon  
  148  17:01  Probe  
  148  17:02  Probe  
  148  17:03  Observer, Probe x2  
  153  17:12  Probe  
  153  17:13  Probe  
  156  17:15  Probe x2  
  157  17:23  Probe x2  
  157  17:25  Observer  
  157  17:27  Probe  
  157  17:28  Probe  
  162  17:33  Probe  
  162  17:34  Probe  
  164  17:39  Probe  
  165  17:46  Observer  
  166  18:08  Observer  
  167  18:14  Zealot x3  
  164  18:38  Nexus  
  164  18:46  Probe  
  164  18:47  Probe  
  164  18:48  Probe x2, Assimilator  
  167  18:50  Assimilator, Zealot x2  
  167  18:51  Zealot  
Tags
 
Matchup
PvT
Replay Pack
All Mines
Spawn Locations
Cross Positions
Add a new tag
Caveats
  • Supply blocks, unpowered buildings, or Contaminate may cause inaccurate times.
  • Supply counts are checked every 10 seconds.